[ AOE2 MATCH · #507594410 ]
UnrankedVietnamese vs Poles
Player's team · LOSS
Rival team · WIN
[ REPLAY ANALYSIS · EXTRACTED FROM THE RECORDED GAME ]
Feudal
10:37
Castle
16:57
Imperial
33:15
| APM avg | 47.6 |
| APM peak | 99 |
| eAPM avg | 25.6 |
| Villagers / military | 179 / 123 |
Focus
⚔️ 31.4% · 🌾 68.6%
Rattan Archer ×44 · Spearman ×32 · Skirmisher ×26 · Fire Lancer ×17 · Mangonel ×2 · Monk ×1
Feudal
8:53
Castle
21:13
Imperial
32:55
| APM avg | 52.9 |
| APM peak | 95 |
| eAPM avg | 27.4 |
| Villagers / military | 142 / 167 |
Focus
⚔️ 39.7% · 🌾 60.3%
Scout Cavalry ×107 · Archer ×36 · Bombard Cannon ×16 · Petard ×6 · Monk ×2
Match map
Initial resources + every placement click. Lines = walls · curves = elevation contours. ◆ gold · ⬟ stone · ● berries · ✦ relic · ◌ wall gap
Your base· ✓ Closed at 16:57 · 8t walls · 5 gate(s)
LE | Asav's base· ✓ Closed at 21:13 · 19t walls · 5 gate(s)
Smoothed initial terrain · ◌ = detected wall gap · hover for details
Inputs per minute
— Beauvéro - - LE | Asav
Build order — Beauvéro
First 150 of 527 actions detected
| 0:00 | Queue | Villager (Male) |
| 0:00 | Queue | Villager (Male) |
| 0:01 | Queue | Villager (Male) |
| 0:01 | Queue | Villager (Male) |
| 0:01 | Queue | Villager (Male) |
| 0:03 | Build | House |
| 0:05 | Build | House |
| 1:33 | Queue | Villager (Male) |
| 1:33 | Queue | Villager (Male) |
| 1:53 | Build | Lumber Camp |
| 2:10 | Queue | Villager (Male) |
| 2:23 | Queue | Villager (Male) |
| 2:23 | Queue | Villager (Male) |
| 2:23 | Queue | Villager (Male) |
| 3:26 | Queue | Villager (Male) |
| 3:26 | Queue | Villager (Male) |
| 3:26 | Queue | Villager (Male) |
| 3:45 | Queue | Villager (Male) |
| 3:58 | Build | House |
| 3:59 | Build | House |
| 4:42 | Queue | Villager (Male) |
| 4:42 | Queue | Villager (Male) |
| 5:00 | Queue | Villager (Male) |
| 5:03 | Build | Mill |
| 5:04 | Queue | Villager (Male) |
| 5:31 | Queue | Villager (Male) |
| 5:45 | Queue | Villager (Male) |
| 5:51 | Queue | Villager (Male) |
| 5:59 | Queue | Villager (Male) |
| 6:31 | Queue | Villager (Male) |
| 6:54 | Build | Mining Camp |
| 7:44 | Research | Feudal Age |
| 7:48 | Research | Loom |
| 7:48 | Research | Feudal Age |
| 7:52 | Build | Farm |
| 7:55 | Build | Farm |
| 8:23 | Build | Farm |
| 9:33 | Queue | Villager (Male) |
| 9:49 | Queue | Villager (Male) |
| 10:05 | Queue | Villager (Male) |
| 10:08 | Queue | Villager (Male) |
| 10:13 | Queue | Villager (Male) |
| 10:23 | Build | Palisade Wall |
| 10:29 | Queue | Villager (Male) |
| 10:37 | Age | Feudal Age |
| 10:47 | Queue | Villager (Male) |
| 11:07 | Queue | Villager (Male) |
| 11:18 | Queue | Villager (Male) |
| 11:25 | Queue | Villager (Male) |
| 11:34 | Build | Palisade Wall |
| 11:36 | Build | Palisade Wall |
| 11:38 | Build | Palisade Wall |
| 11:57 | Queue | Villager (Male) |
| 12:01 | Build | Palisade Wall |
| 12:13 | Build | Palisade Wall |
| 12:17 | Build | Market |
| 12:20 | Build | Blacksmith |
| 12:21 | Build | House |
| 12:29 | Build | Palisade Wall |
| 13:05 | Build | Farm |
| 13:08 | Build | Farm |
| 13:10 | Build | Farm |
| 13:18 | Build | Watch Tower |
| 13:22 | Queue | Villager (Male) |
| 14:16 | Research | Castle Age |
| 14:16 | Research | Castle Age |
| 15:08 | Build | Palisade Wall |
| 16:23 | Research | Double-Bit Axe |
| 16:25 | Research | Horse Collar |
| 16:57 | Age | Castle Age |
| 17:06 | Build | Siege Workshop |
| 17:15 | Build | Siege Workshop |
| 17:21 | Queue | Villager (Male) |
| 17:21 | Queue | Villager (Male) |
| 17:29 | Research | Bow Saw |
| 17:33 | Build | House |
| 17:35 | Build | Palisade Wall |
| 17:37 | Build | Palisade Wall |
| 17:39 | Build | Palisade Wall |
| 17:43 | Build | Palisade Wall |
| 17:48 | Research | Gold Mining |
| 17:48 | Queue | Villager (Male) |
| 17:52 | Queue | Mangonel |
| 17:55 | Build | Farm |
| 18:02 | Queue | Villager (Male) |
| 18:18 | Research | Wheelbarrow |
| 18:22 | Queue | Mangonel |
| 18:46 | Queue | Villager (Male) |
| 18:59 | Build | Town Center |
| 19:08 | Queue | Villager (Male) |
| 19:24 | Queue | Villager (Male) |
| 19:34 | Build | Farm |
| 19:37 | Build | Farm |
| 19:38 | Build | Farm |
| 19:41 | Queue | Villager (Male) |
| 20:13 | Queue | Villager (Male) |
| 20:16 | Queue | Villager (Male) |
| 20:29 | Queue | Villager (Male) |
| 20:31 | Build | House |
| 21:09 | Build | Town Center |
| 21:09 | Queue | Villager (Male) |
| 21:12 | Queue | Villager (Male) |
| 21:37 | Build | Palisade Wall |
| 21:37 | Queue | Villager (Male) |
| 21:38 | Queue | Villager (Male) |
| 21:42 | Build | Farm |
| 21:55 | Build | Palisade Wall |
| 22:01 | Build | Farm |
| 22:03 | Queue | Villager (Male) |
| 22:04 | Queue | Villager (Male) |
| 22:08 | Build | House |
| 22:23 | Build | Farm |
| 22:24 | Queue | Villager (Male) |
| 22:34 | Queue | Villager (Male) |
| 22:34 | Queue | Villager (Male) |
| 22:43 | Queue | Villager (Male) |
| 23:01 | Build | Lumber Camp |
| 23:03 | Queue | Villager (Male) |
| 23:12 | Queue | Villager (Male) |
| 23:29 | Build | Mining Camp |
| 23:33 | Queue | Villager (Male) |
| 23:42 | Build | Lumber Camp |
| 23:51 | Queue | Villager (Male) |
| 23:52 | Queue | Villager (Male) |
| 23:52 | Queue | Villager (Male) |
| 23:55 | Build | Farm |
| 23:57 | Build | Farm |
| 24:04 | Build | Farm |
| 24:04 | Queue | Villager (Male) |
| 24:04 | Queue | Villager (Male) |
| 24:21 | Queue | Villager (Male) |
| 24:27 | Queue | Villager (Male) |
| 24:38 | Build | Stone Wall |
| 24:40 | Queue | Villager (Male) |
| 24:53 | Build | Stone Wall |
| 24:57 | Queue | Villager (Male) |
| 25:06 | Build | House |
| 25:09 | Build | Farm |
| 25:09 | Build | Farm |
| 25:09 | Build | Farm |
| 25:11 | Queue | Villager (Male) |
| 25:14 | Build | Monastery |
| 25:15 | Build | Farm |
| 25:15 | Build | Farm |
| 25:16 | Queue | Villager (Male) |
| 25:19 | Build | Farm |
| 25:19 | Build | Farm |
| 25:19 | Build | Farm |
| 25:22 | Build | Farm |
| 25:23 | Build | Farm |
Build order — LE | Asav
First 150 of 567 actions detected
| 0:02 | Queue | Villager (Male) |
| 0:02 | Queue | Villager (Male) |
| 0:02 | Queue | Villager (Male) |
| 0:04 | Build | House |
| 0:12 | Build | House |
| 0:24 | Queue | Villager (Male) |
| 1:31 | Queue | Villager (Male) |
| 1:31 | Queue | Villager (Male) |
| 2:05 | Queue | Villager (Male) |
| 2:05 | Queue | Villager (Male) |
| 2:21 | Queue | Villager (Male) |
| 2:22 | Build | Lumber Camp |
| 2:41 | Queue | Villager (Male) |
| 3:09 | Queue | Villager (Male) |
| 3:09 | Queue | Villager (Male) |
| 3:40 | Queue | Villager (Male) |
| 3:51 | Build | House |
| 4:10 | Queue | Villager (Male) |
| 4:15 | Build | Mill |
| 4:25 | Build | Mill |
| 4:34 | Build | Mill |
| 4:38 | Queue | Villager (Male) |
| 4:38 | Queue | Villager (Male) |
| 4:48 | Queue | Villager (Male) |
| 4:48 | Queue | Villager (Male) |
| 5:15 | Queue | Villager (Male) |
| 5:35 | Queue | Villager (Male) |
| 5:35 | Research | Loom |
| 6:42 | Research | Feudal Age |
| 6:42 | Research | Feudal Age |
| 7:20 | Build | Mining Camp |
| 8:16 | Queue | Villager (Male) |
| 8:53 | Age | Feudal Age |
| 9:15 | Build | Watch Tower |
| 9:16 | Queue | Villager (Male) |
| 9:17 | Queue | Villager (Male) |
| 9:36 | Queue | Villager (Male) |
| 9:42 | Research | Double-Bit Axe |
| 9:43 | Research | Double-Bit Axe |
| 9:46 | Build | Blacksmith |
| 9:47 | Build | House |
| 10:24 | Queue | Villager (Male) |
| 10:33 | Research | Wheelbarrow |
| 10:40 | Queue | Villager (Male) |
| 10:41 | Queue | Villager (Male) |
| 11:14 | Queue | Villager (Male) |
| 11:23 | Queue | Villager (Male) |
| 11:33 | Build | Lumber Camp |
| 12:06 | Queue | Villager (Male) |
| 12:08 | Research | Horse Collar |
| 12:23 | Queue | Villager (Male) |
| 13:04 | Build | Watch Tower |
| 13:07 | Build | Watch Tower |
| 13:13 | Build | Palisade Wall |
| 13:16 | Build | Palisade Wall |
| 13:17 | Build | Palisade Wall |
| 13:18 | Queue | Villager (Male) |
| 13:23 | Build | Farm |
| 13:23 | Build | Farm |
| 13:23 | Build | Farm |
| 13:24 | Build | Farm |
| 13:36 | Build | Palisade Wall |
| 13:37 | Build | Palisade Wall |
| 13:39 | Build | House |
| 13:41 | Build | Palisade Wall |
| 13:55 | Research | Fletching |
| 14:06 | Queue | Villager (Male) |
| 14:06 | Queue | Villager (Male) |
| 14:09 | Build | Farm |
| 14:11 | Build | Farm |
| 14:13 | Build | Farm |
| 14:29 | Queue | Villager (Male) |
| 14:32 | Research | Town Watch |
| 14:37 | Build | House |
| 14:38 | Build | House |
| 14:58 | Queue | Villager (Male) |
| 15:11 | Build | Palisade Wall |
| 15:13 | Build | Palisade Wall |
| 15:14 | Build | Palisade Wall |
| 15:17 | Build | Palisade Wall |
| 15:37 | Queue | Villager (Male) |
| 15:38 | Queue | Villager (Male) |
| 15:41 | Queue | Villager (Male) |
| 15:49 | Build | Farm |
| 15:52 | Build | Mill |
| 15:55 | Build | Farm |
| 15:55 | Build | Farm |
| 15:56 | Build | Farm |
| 15:56 | Build | Farm |
| 16:00 | Build | Farm |
| 16:22 | Queue | Villager (Male) |
| 16:25 | Build | Farm |
| 16:25 | Build | Farm |
| 16:45 | Queue | Villager (Male) |
| 16:52 | Build | Gate |
| 17:31 | Build | Market |
| 17:32 | Build | House |
| 17:41 | Queue | Villager (Male) |
| 17:57 | Build | Watch Tower |
| 18:00 | Queue | Villager (Male) |
| 18:15 | Build | Stone Wall |
| 18:32 | Research | Castle Age |
| 18:32 | Research | Castle Age |
| 20:52 | Build | Gate |
| 21:13 | Age | Castle Age |
| 21:25 | Queue | Villager (Male) |
| 21:31 | Build | Town Center |
| 21:36 | Build | Town Center |
| 21:40 | Build | Monastery |
| 21:43 | Queue | Villager (Male) |
| 21:45 | Queue | Villager (Male) |
| 21:57 | Queue | Villager (Male) |
| 22:11 | Build | Gate |
| 22:12 | Build | Stone Wall |
| 22:26 | Research | Heavy Plow |
| 22:27 | Research | Bow Saw |
| 22:28 | Research | Bow Saw |
| 22:29 | Queue | Monk |
| 22:44 | Build | Stone Wall |
| 22:52 | Queue | Villager (Male) |
| 22:52 | Queue | Villager (Male) |
| 23:02 | Build | Mill |
| 23:09 | Build | Town Center |
| 23:20 | Queue | Villager (Male) |
| 23:30 | Queue | Villager (Male) |
| 23:30 | Queue | Villager (Male) |
| 23:30 | Queue | Villager (Male) |
| 23:31 | Queue | Villager (Male) |
| 23:31 | Queue | Villager (Male) |
| 23:31 | Queue | Villager (Male) |
| 23:34 | Queue | Villager (Male) |
| 23:34 | Queue | Villager (Male) |
| 23:41 | Build | Gate |
| 23:43 | Build | Stone Wall |
| 23:47 | Build | Farm |
| 23:47 | Build | Farm |
| 23:47 | Build | Farm |
| 23:47 | Build | Farm |
| 23:48 | Build | Farm |
| 23:48 | Build | Farm |
| 24:06 | Queue | Villager (Male) |
| 24:12 | Queue | Monk |
| 24:20 | Build | Farm |
| 24:22 | Build | Farm |
| 24:25 | Queue | Villager (Male) |
| 24:26 | Build | Farm |
| 24:37 | Queue | Villager (Male) |
| 24:54 | Queue | Villager (Male) |
| 24:55 | Queue | Villager (Male) |
| 25:06 | Queue | Villager (Male) |
Match timeline
| 8:53 | LE | Asav · age_up feudal |
| 10:23 | Beauvéro · wall_segment Palisade Wall x1 |
| 10:37 | Beauvéro · age_up feudal |
| 11:34 | Beauvéro · wall_segment Palisade Wall x1 |
| 11:36 | Beauvéro · wall_segment Palisade Wall x1 |
| 11:38 | Beauvéro · wall_segment Palisade Wall x1 |
| 12:01 | Beauvéro · wall_segment Palisade Wall x1 |
| 12:13 | Beauvéro · wall_segment Palisade Wall x1 |
| 12:29 | Beauvéro · wall_segment Palisade Wall x1 |
| 13:13 | LE | Asav · wall_segment Palisade Wall x1 |
| 13:16 | LE | Asav · wall_segment Palisade Wall x1 |
| 13:17 | LE | Asav · wall_segment Palisade Wall x1 |
| 13:36 | LE | Asav · wall_segment Palisade Wall x1 |
| 13:37 | LE | Asav · wall_segment Palisade Wall x1 |
| 13:41 | LE | Asav · wall_segment Palisade Wall x1 |
| 15:08 | Beauvéro · wall_segment Palisade Wall x1 |
| 15:11 | LE | Asav · wall_segment Palisade Wall x1 |
| 15:13 | LE | Asav · wall_segment Palisade Wall x1 |
| 15:14 | LE | Asav · wall_segment Palisade Wall x1 |
| 15:17 | LE | Asav · wall_segment Palisade Wall x1 |
| 16:57 | Beauvéro · age_up castle |
| 17:06 | Beauvéro · first_building Siege Workshop |
| 17:35 | Beauvéro · wall_segment Palisade Wall x1 |
| 17:37 | Beauvéro · wall_segment Palisade Wall x1 |
| 17:39 | Beauvéro · wall_segment Palisade Wall x1 |
| 17:43 | Beauvéro · wall_segment Palisade Wall x1 |
| 18:15 | LE | Asav · wall_segment Stone Wall x10 |
| 18:57 | Beauvéro · first_market_buy 100 stone |
| 21:13 | LE | Asav · age_up castle |
| 21:19 | Beauvéro · first_market_sell 100 food |
| 21:37 | Beauvéro · wall_segment Palisade Wall x1 |
| 21:40 | LE | Asav · first_building Monastery |
| 21:55 | Beauvéro · wall_segment Palisade Wall x1 |
| 22:12 | LE | Asav · wall_segment Stone Wall x3 |
| 22:44 | LE | Asav · wall_segment Stone Wall x9 |
| 23:43 | LE | Asav · wall_segment Stone Wall x3 |
| 24:38 | Beauvéro · wall_segment Stone Wall x9 |
| 24:53 | Beauvéro · wall_segment Stone Wall x8 |
| 25:14 | Beauvéro · first_building Monastery |
| 25:44 | Beauvéro · wall_segment Stone Wall x5 |
| 26:12 | Beauvéro · wall_segment Stone Wall x8 |
| 26:16 | Beauvéro · wall_segment Stone Wall x5 |
| 27:37 | LE | Asav · first_building Castle |
| 29:40 | LE | Asav · wall_segment Palisade Wall x1 |
| 30:02 | LE | Asav · first_building Barracks |
| 30:06 | Beauvéro · wall_segment Stone Wall x5 |
| 30:08 | Beauvéro · wall_segment Stone Wall x5 |
| 30:20 | Beauvéro · wall_segment Stone Wall x6 |
| 30:31 | Beauvéro · wall_segment Stone Wall x2 |
| 30:32 | Beauvéro · wall_segment Stone Wall x8 |
| 30:38 | LE | Asav · first_building Archery Range |
| 31:39 | Beauvéro · first_building Castle |
| 31:46 | Beauvéro · first_building Barracks |
| 31:48 | LE | Asav · first_building Siege Workshop |
| 32:43 | Beauvéro · wall_segment Stone Wall x1 |
| 32:55 | LE | Asav · age_up imperial |
| 33:15 | Beauvéro · age_up imperial |
| 33:41 | Beauvéro · first_building Archery Range |
| 34:31 | LE | Asav · first_building Stable |
| 35:05 | Beauvéro · wall_segment Stone Wall x9 |
| 44:09 | Beauvéro · resign |
[ AI ANALYSIS · 1 CREDIT ]
What really happened in this match?
Wolo.gg analyzes every decision: build order, eco, micro, common mistakes by bracket. Personalized analysis on WhatsApp or Discord in 30 seconds.
Civ guide
Vietnamese
Perfil
Jugador #5822316